 Dungeon Crawl Stone Soup version 0.19-a0-1899-g2d93087 (webtiles) character file.

8899 PurpleRed the Cleaver (level 11, -2/104 HPs)
             Began as a Minotaur Fighter on Oct 19, 2016.
             Was a Believer of Makhleb.
             Slain by Sonja
             ... wielding a +1 short sword of distortion
              (22 damage)
             ... on level 11 of the Dungeon.
             The game lasted 00:15:50 (7216 turns).

PurpleRed the Cleaver (Minotaur Fighter)            Turns: 7216, Time: 00:15:51

Health: -2/104     AC: 21    Str: 33    XL:     11   Next: 16%
Magic:  3/3        EV:  8    Int:  7    God:    Makhleb [**....]
Gold:   222        SH:  7    Dex: 11    Spells: 0 memorised, 10 levels left

rFire  + . .     SeeInvis .     I - +1 broad axe (antimagic)
rCold  . . .     Gourm    .     j - +1 plate armour of Tender Moments {-Tele Regen+ Str+8} (curse)
rNeg   . . .     Faith    .     i - +3 buckler {rPois}
rPois  +         Spirit   .     (helmet restricted)
rElec  .         Reflect  .     (no cloak)
rCorr  .         Harm     .     (no gloves)
MR     .....     NoTele   +     (no boots)
Stlth  ..........               (no amulet)
                                J - ring of protection from fire
                                w - +5 ring of protection

@: drained
A: retaliatory headbutt, horns 2, rugged brown scales 1, agile 1, clever 1
a: Minor Destruction, Renounce Religion


You were on level 11 of the Dungeon.
You worshipped Makhleb.
Makhleb was pleased with you.
You were not hungry.

You visited 2 branches of the dungeon, and saw 12 of its levels.
You also visited: Sewer.

You collected 472 gold pieces.
You spent 250 gold pieces at shops.

Inventory:

Hand Weapons
 I - a +1 antimagic broad axe (weapon)
Armour
 i - a +3 buckler of poison resistance (worn)
 j - the cursed +1 plate armour of Tender Moments (worn) {-Tele Regen+ Str+8}
   (You found it on level 4 of the Dungeon)

   It affects your strength (+8).
   It prevents most forms of teleportation.
   It increases your rate of regeneration.
   It has a curse placed upon it.
Jewellery
 o - an uncursed ring of resist corrosion
 w - a +5 ring of protection (left hand)
 B - an uncursed ring of wizardry
 H - an uncursed ring of ice
 J - a ring of protection from fire (right hand)
Wands
 n - a wand of slowing (24/48)
 r - a wand of teleportation (6/9)
Scrolls
 h - 3 scrolls of teleportation
 k - 3 scrolls of remove curse
 q - 2 scrolls of fear
 v - 3 scrolls of magic mapping
 x - 4 scrolls of fog
 y - a scroll of blinking
 E - 4 scrolls of enchant armour
 F - a scroll of enchant weapon
 L - a scroll of recharging
Potions
 a - a potion of lignification {unknown}
 b - 2 potions of brilliance
 c - a potion of magic
 d - 2 potions of might
 e - 4 potions of resistance
 g - a potion of cure mutation
 l - a potion of ambrosia
 m - 2 potions of heal wounds
 s - 3 potions of invisibility {unknown}
 t - 3 potions of curing
 u - 4 potions of haste {unknown}
 A - a potion of flight {unknown}
 G - 2 potions of berserk rage {unknown}
 K - a potion of cancellation {unknown}
Comestibles
 f - 8 bread rations
 p - 2 slices of pizza
 z - 3 meat rations
 C - a beef jerky
 D - a chunk of flesh


   Skills:
 + Level 10.8(10.6) Fighting
 * Level 14.8(14.6) Axes
 + Level 10.2(10.1) Armour
 - Level 3.6(3.4) Shields


You had 10 spell levels left.
You didn't know any spells.

Dungeon Overview and Level Annotations

Branches:
Dungeon (11/15)            Temple (1/1) D:4            Lair (0/6) D:8
    Orc: D:9-12

Altars:
Ashenzari
Cheibriados
Dithmenos
Elyvilon
Fedhas
Gozag
Hepliaklqana
Kikubaaqudgha
Makhleb
Nemelex Xobeh
Okawaru
Qazlal
Ru
Sif Muna
Trog
Uskayaw
Vehumet
Xom
Yredelemnul
Zin
The Shining One

Shops:
D:4 (   D:7 (

Annotations:
D:10 alcopop's ghost, journeyman OgHu
D:11 Sonja


Innate Abilities, Weirdness & Mutations

You reflexively headbutt those who attack you in melee.
You have a pair of horns on your head.
You are partially covered in rugged brown scales. (AC +1, +3% HP)
You are agile. (Dex +2)
Your mind is acute. (Int +2)


Message History

Sonja hits you but does no damage. Space bends around you.
The iguana bites you but does no damage.
Sonja hits you but does no damage. Space warps horribly around you!
You block Sonja's attack. Sonja hits you but does no damage.
Space bends around you.
Your shield prevents you from hitting Sonja.
You hit the iguana but do no damage. You block the iguana's attack.
Sonja bows elegantly.
Sonja hits you but does no damage. Space bends around you.
You block Sonja's attack. Sonja hits you but does no damage.
Space warps horribly around you!
* * * LOW HITPOINT WARNING * * *
You slice Sonja!!
Sonja's magic leaks into the air.
Your headbutt misses Sonja.
Sonja is severely wounded.
You slash the iguana!
You kill the iguana!
Makhleb accepts your kill.
You feel better. Sonja hits you but does no damage.
Space warps horribly around you!
You die...

#.............. .......
#.............. .......
#..ยง........... .......
#.......####..) .......
#..).?..# #... .......
#...(...# #..# #......
#.......# #..#
#......###.......# #..#
#......@.........# #..#
#..(....K........####..#
#####..####............#
#.. #......####..# #..
#......# #..# #..
#......# #..# #..
#......# #..# #..
#......# #^.#
#......####..#


You could see Sonja.

Vanquished Creatures
  Erica (D:8)
  Nergalle (D:11)
  An unseen horror (D:10)
  Joseph (D:7)
  A komodo dragon (D:8)
  The ghost of Ryco the Cudgeler, a novice GrBe of Trog (D:6)
  A troll (D:10)
  A two-headed ogre (D:11)
  2 hippogriffs
  8 yaks
  Menkaure (D:4)
  2 hungry ghosts
  5 orc warriors (D:11)
  4 ice beasts
  2 phantoms
  4 ogres
  7 centaurs
  5 bullfrogs
  A big kobold (D:10)
  3 scorpions
  5 killer bees (D:7)
  2 howler monkeys
  4 centaur zombies
  4 crimson imps
  2 quasits (D:10)
  2 orc priests
  2 hounds (D:8)
  2 jellies
  4 orc wizards
  Jessica (D:2)
  4 iguanas
  8 worker ants
  A killer bee zombie (D:6)
  2 hound zombies
  3 hound skeletons
  A howler monkey skeleton (D:7)
  11 adders
  A river rat (Sewer)
  2 shadow imps
  A white imp (D:6)
  3 oozes (Sewer)
  3 adder skeletons
  2 worms (D:3)
  3 dart slugs
  5 leopard geckos
  35 orcs
  10 bats
  7 giant cockroaches
  4 goblins
  A hobgoblin (D:4)
  6 jackals
  6 quokkas
  6 ball pythons
  5 frilled lizards
  A goblin skeleton (D:8)
  2 hobgoblin zombies (D:8)
  A jackal zombie (D:6)
  11 kobolds
  2 kobold zombies (D:8)
  A leopard gecko skeleton (D:4)
  An orc skeleton (D:8)
  An orc zombie (D:8)
  3 quokka skeletons
  8 rats
241 creatures vanquished.

Vanquished Creatures (others)
  An orc wizard (D:5)
  A rat (D:2)
  A plant (D:8)
3 creatures vanquished.

Grand Total: 244 creatures vanquished

Notes
Turn   | Place    | Note
-------+----------+-------------------------------------------
     0 | D:1      | PurpleRed the Minotaur Fighter began the quest for the Orb.
     0 | D:1      | Reached XP level 1. HP: 19/19 MP: 0/0
   148 | D:1      | Reached skill level 3 in Axes
   199 | D:1      | Reached XP level 2. HP: 23/27 MP: 1/1
   355 | D:2      | Reached XP level 3. HP: 32/33 MP: 2/2
   415 | D:2      | Reached skill level 4 in Axes
   420 | D:2      | Found a faded altar of an unknown god.
   559 | D:2      | Found a sparkling altar of Nemelex Xobeh.
   559 | D:2      | Noticed Jessica
   562 | D:2      | Killed Jessica
   562 | D:2      | Reached XP level 4. HP: 41/41 MP: 3/3
   804 | D:3      | Reached skill level 5 in Axes
   892 | D:3      | Noticed a centaur
   903 | D:3      | Killed a centaur
   903 | D:3      | Reached skill level 5 in Fighting
   903 | D:3      | Reached XP level 5. HP: 28/48 MP: 4/4
  1041 | D:3      | Reached skill level 6 in Axes
  1104 | D:3      | Found a faded altar of an unknown god.
  1104 | D:3      | Found a shattered altar of Ashenzari.
  1109 | D:3      | Found a faded altar of an unknown god.
  1111 | D:3      | Found a faded altar of an unknown god.
  1113 | D:3      | Found a faded altar of an unknown god.
  1460 | D:3      | Reached XP level 6. HP: 56/56 MP: 5/5
  1636 | D:4      | Found a staircase to the Ecumenical Temple.
  1656 | D:4      | Got a ruby-encrusted plate armour
  1667 | D:4      | Identified the cursed +1 plate armour of Tender Moments {-Tele Regen+ Str+8} (You found it on level 4 of the Dungeon)
  1681 | D:4      | Reached skill level 7 in Axes
  1774 | D:4      | Found Zemiekae's Weapon Shoppe.
  1827 | D:4      | Found a blossoming altar of Fedhas.
  1867 | D:4      | Noticed Menkaure
  1871 | D:4      | Killed Menkaure
  1871 | D:4      | Reached XP level 7. HP: 62/62 MP: 6/6
  1963 | D:4      | Reached skill level 8 in Axes
  2008 | Temple   | Entered the Ecumenical Temple
  2274 | D:5      | Entered Level 5 of the Dungeon
  2614 | D:5      | Gained mutation: You are partially covered in rugged brown scales. (AC +1, +3% HP) [potion of mutation]
  2614 | D:5      | Gained mutation: You are agile. (Dex +2) [potion of mutation]
  2614 | D:5      | Gained mutation: Your mind is acute. (Int +2) [potion of mutation]
  2616 | D:5      | Reached skill level 5 in Armour
  2698 | D:5      | Found a glowing drain.
  2715 | Sewer    | Entered a sewer
  2858 | Sewer    | Reached skill level 9 in Axes
  3125 | D:5      | Reached XP level 8. HP: 69/73 MP: 7/7
  3645 | D:6      | Noticed Ryco's ghost (novice GrBe)
  3651 | D:6      | Killed Ryco's ghost
  3651 | D:6      | Reached skill level 10 in Axes
  4191 | D:7      | Reached XP level 9. HP: 83/83 MP: 8/8
  4194 | D:7      | Reached skill level 11 in Axes
  4207 | D:7      | Noticed Joseph
  4226 | D:7      | Killed Joseph
  4314 | D:7      | Found Veipo's Antique Weapon Shoppe.
  4330 | D:7      | Bought a glowing broad axe for 250 gold pieces
  4580 | D:6      | Found a sacrificial altar of Ru.
  4580 | D:6      | Found a basalt altar of Yredelemnul.
  4723 | D:8      | Found a staircase to the Lair.
  4724 | D:8      | Noticed a komodo dragon
  4749 | D:8      | Killed a komodo dragon
  4749 | D:8      | Reached skill level 12 in Axes
  4859 | D:8      | Found a glowing golden altar of the Shining One.
  4999 | D:8      | Found a burning altar of Makhleb.
  5006 | D:8      | Became a worshipper of Makhleb the Destroyer
  5084 | D:8      | Noticed Erica
  5095 | D:8      | Killed Erica
  5095 | D:8      | Reached XP level 10. HP: 80/93 MP: 3/9
  5571 | D:9      | Found a radiant altar of Vehumet.
  5624 | D:9      | Reached skill level 13 in Axes
  6304 | D:10     | Entered Level 10 of the Dungeon
  6356 | D:10     | Killed an unseen horror
  6356 | D:10     | Reached skill level 10 in Fighting
  6415 | D:10     | Reached * piety under Makhleb
  6432 | D:10     | Noticed alcopop's ghost (journeyman OgHu)
  6450 | D:10     | Reached skill level 14 in Axes
  7000 | D:11     | Reached ** piety under Makhleb
  7070 | D:11     | Reached skill level 10 in Armour
  7130 | D:11     | Reached XP level 11. HP: 95/104 MP: 3/10
  7154 | D:11     | Noticed Nergalle
  7168 | D:11     | Killed Nergalle
  7193 | D:11     | Noticed Sonja
  7216 | D:11     | Slain by Sonja

Vault maps used:
D:1:      saegor_arrival_simple_a
D:2:      ecumenical_altar_2, first_bread, nemelex_lonely_heart_becter
D:3:      chequers_temple_overflow_minitemple, serial_aquarium,
          aquarium_bridge_square, aquarium_bridge_straight,
          aquarium_window_fake, aquarium_window_fake, aquarium_window_2,
          aquarium_view_2g
D:4:      fedhas_altar_3, serial_shops, kennysheep_mini_moat, uniq_menkaure
D:5:      portal_sewer_entry_a, nicolae_sextant
D:6:      nicolae_overflow_hidden_temple, minmay_fire_ice_demons
D:7:      serial_shops, shop, uniq_joseph
D:8:      makhleb_heckhound_becter, nicolae_tso_besieged_by_evil,
          david_lair_shrubbed, uniq_erica
D:9:      kennysheep_little_box
D:11:     lemuel_flame_loot_2, david_orc_4, grunt_livestock, uniq_nergalle,
          uniq_sonja
Temple:   eino_narrow_crystal_temple
Sewer:    sewer_co_15_rooms

Skill      XL: |  1  2  3  4  5  6  7  8  9 10 |
---------------+-------------------------------+-----
Axes           | 3 4 5 6 7 9 10 12 14 | 14.8
Fighting       | 4 5 6 7 9 10 | 10.8
Armour         | 4 5 6 8 10 | 10.2
Shields        | |  3.6

Action                   |  1- 3 |  4- 6 |  7- 9 | 10-12 || total
-------------------------+-------+-------+-------+-------++-------
Melee: War axe           |    64 |    95 |   208 |       ||   367
       Headbutt          |     7 |    20 |    55 |    55 ||   137
       Broad axe         |       |       |    53 |   184 ||   237
  Use: Scroll            |       |    11 |     1 |     8 ||    20
       Potion            |       |       |     2 |       ||     2
  Eat: Chunk             |       |     3 |     9 |     4 ||    16
       Beef jerky        |       |       |     1 |       ||     1
       Fruit             |       |       |     3 |       ||     3
       Pizza             |       |       |     1 |     2 ||     3
Armor: Scale mail        |    15 |       |       |       ||    15
       Chain mail        |    19 |    27 |       |       ||    46
       Plate armour      |       |     5 |   127 |   119 ||   251
Dodge: Dodged            |    27 |    25 |    63 |    57 ||   172
Block: Buckler           |    12 |    37 |    71 |    75 ||   195
       Shield            |     2 |       |       |       ||     2
